 Dungeon Crawl Stone Soup version 0.20.1-1-g8b1a95d66d (webtiles) character file.

448 NullDivider the Grave Robber (level 6, -2/41 HPs)
             Began as a Vampire Necromancer on Dec 5, 2017.
             Was an Initiate of Dithmenos.
             Slain by a slave (5 damage)
             ... led by Pikel
             ... on level 5 of the Dungeon.
             The game lasted 00:29:04 (4466 turns).

NullDivider the Grave Robber (Vampire Necromancer)  Turns: 4466, Time: 00:29:05

Health: -2/41      AC:  7    Str:  7    XL:     6   Next: 73%
Magic:  7/12       EV: 14    Int: 18    God:    Dithmenos [......]
Gold:   159        SH:  0    Dex: 16    Spells: 5/13 levels left

rFire    . . .     SeeInvis +   m - +1 dagger (protect)
rCold    + + .     Gourm    .   (no shield)
rNeg     + + +     Faith    .   a - +0 robe
rPois    ∞         Spirit   .   (no helmet)
rElec    .         Reflect  .   (no cloak)
rCorr    .         Harm     .   (no gloves)
MR       .....                  (no boots)
Stlth    +++++.....             (no amulet)
Regen    0.0/turn               j - +5 ring of protection
MPRegen  0.2/turn               v - ring of wizardry

@: about to teleport, bloodless, non-regenerating
A: fangs 3, see invisible, unbreathing
a: Bat Form, Renounce Religion


You were on level 5 of the Dungeon.
You worshipped Dithmenos.
Dithmenos was noncommittal.
You were bloodless.

You visited 2 branches of the dungeon, and saw 6 of its levels.

You collected 159 gold pieces.

Inventory:

Hand Weapons
 m - a +1 dagger of protection (weapon)
Armour
 a - a +0 robe (worn)
Jewellery
 e - an uncursed ring of poison resistance
 j - a +5 ring of protection (left hand)
 s - an uncursed amulet of harm
 v - a ring of wizardry (right hand)
Wands
 x - a wand of lightning (8/15)
Scrolls
 d - a scroll of enchant weapon {unknown}
 f - 5 scrolls of teleportation
 g - 4 scrolls of remove curse {unknown}
 h - a scroll of magic mapping {unknown}
 k - 5 scrolls of identify
 l - 3 scrolls of immolation {unknown}
 p - 2 scrolls of blinking {unknown}
 w - a scroll of amnesia {unknown}
 y - a scroll of noise {unknown}
 A - a scroll of random uselessness {unknown}
Potions
 c - 8 potions of blood
 i - 3 potions of haste {unknown}
 n - 2 potions of degeneration {unknown}
 o - a potion of flight {unknown}
 q - 2 potions of curing {unknown}
 r - a potion of berserk rage {unknown}
 t - a potion of heal wounds {unknown}
 u - 8 potions of agility {unknown}
 z - a potion of lignification {unknown}
 B - a potion of might
Books
 b - a book of Necromancy

   Spells                             Type                      Level
   a - Pain                           Necromancy                   1
   b - Animate Skeleton               Necromancy                   1
   c - Vampiric Draining              Necromancy                   3
   d - Regeneration                   Charms/Necromancy            3
   e - Animate Dead                   Necromancy                   4
   f - Control Undead                 Necromancy                   4


   Skills:
 + Level 2.7 Short Blades
 + Level 3.6 Dodging
 + Level 5.2 Stealth
 - Level 0.4 Unarmed Combat
 * Level 4.0 Spellcasting
 + Level 5.6 Necromancy


You had 5 spell levels left.
You knew the following spells:

 Your Spells              Type           Power        Failure   Level  Hunger
a - Pain                  Necr           ###.         1%          1    None
b - Control Undead        Necr           ###.......   6%          4    ####...
c - Regeneration          Chrm/Necr      ##........   6%          3    ###....


Dungeon Overview and Level Annotations

Branches:
Dungeon (5/15)             Temple (1/1) D:4

Altars:
Ashenzari
Cheibriados
Dithmenos
Elyvilon
Fedhas
Kikubaaqudgha
Makhleb
Nemelex Xobeh
Qazlal
Ru
Sif Muna
Trog
Uskayaw
Vehumet
Zin
The Shining One

Annotations:
D:3 Gargoyl's ghost, amateur CeAK
D:5 Pikel


Innate Abilities, Weirdness & Mutations

You do not heal naturally.
You are immune to poison.
You have razor-sharp teeth.
You have supernaturally acute eyesight. (SInv)
You can survive without breathing.


Message History

* * * LOW HITPOINT WARNING * * *
The frilled lizard closely misses you.
Evoke which item? (* to show all) (? for menu, Esc to quit)
Aiming: Lightning Bolt (will waste charges)
Press: ? - help, Shift-Dir - straight line, f/p - Pikel
Aim: Pikel, wielding a whip of freezing and wearing a robe (moderately wounded, unusually strong)
You hear a mighty clap of thunder!
The bolt of lightning hits Pikel.
Pikel is moderately wounded.
Evoking this partially-identified wand wasted a few charges.
You hear a shout!
The slave closely misses you. x2; Pikel hits you but does no damage.
The slave hits you!
* * * LOW HITPOINT WARNING * * *
The frilled lizard barely misses you.
As you read the scroll of teleportation, it crumbles to dust.
You feel strangely unstable. The slave closely misses you.
The slave barely misses you. Pikel hits you but does no damage.
The slave hits you.
You die...

#### ..# ### #.# #<#
#p###.#
#####pl...############
#...p@K...............
#.####p...############
#>............... ..
#.####.##.####### ##
...# #.##.# #####
#.##.. #.##### ... ...


You could see Pikel, 4 slaves and a frilled lizard.

Vanquished Creatures
  2 ogres
  A scorpion (D:4)
  2 bullfrog skeletons (D:5)
  An orc wizard (D:5)
  A worker ant (D:4)
  2 hound skeletons (D:4)
  3 adders
  4 dart slugs
  A leopard gecko (D:1)
  6 orcs
  6 bats
  2 giant cockroaches
  6 goblins
  6 hobgoblins
  3 jackals (D:3)
  5 frilled lizards
  7 kobolds
  A leopard gecko skeleton (D:3)
  5 rats
64 creatures vanquished.

Notes
Turn   | Place    | Note
-------+----------+-------------------------------------------
     0 | D:1      | NullDivider the Vampire Necromancer began the quest for the Orb.
     0 | D:1      | Reached XP level 1. HP: 13/13 MP: 3/3
   501 | D:1      | Reached XP level 2. HP: 13/19 MP: 0/5
  1032 | D:2      | Reached XP level 3. HP: 24/24 MP: 6/6
  1632 | D:3      | Reached skill level 1 in Short Blades
  1818 | D:3      | Noticed Gargoyl's ghost (amateur CeAK)
  2093 | D:3      | Reached XP level 4. HP: 30/30 MP: 7/7
  2271 | D:4      | Reached skill level 5 in Necromancy
  2271 | D:4      | Reached XP level 5. HP: 35/35 MP: 7/9
  2277 | D:4      | Learned a level 4 spell: Control Undead
  2436 | D:4      | Found a staircase to the Ecumenical Temple.
  2546 | Temple   | Entered the Ecumenical Temple
  2551 | Temple   | Learned a level 3 spell: Regeneration
  2561 | Temple   | Became a worshipper of Dithmenos the Shadowed
  3028 | D:4      | Noticed an ogre
  3037 | D:4      | Killed an ogre
  3176 | D:4      | Reached XP level 6. HP: 40/41 MP: 11/11
  3290 | D:5      | Entered Level 5 of the Dungeon
  4150 | D:5      | Reached skill level 5 in Stealth
  4382 | D:5      | Noticed a slave
  4383 | D:5      | Noticed a slave
  4455 | D:5      | Noticed Pikel
  4458 | D:5      | Noticed a slave
  4459 | D:5      | Noticed a slave
  4466 | D:5      | Slain by a slave

Skill      XL: |  1  2  3  4  5  6 |
---------------+-------------------+-----
Short Blades   | 1 2 |  2.7
Stealth        | 4 5 |  5.2
Dodging        | 3 |  3.6
Spellcasting   | 3 4 |  4.0
Necromancy     | 5 |  5.6
Unarmed Combat | |  0.4

Action                   |  1- 3 |  4- 6 || total
-------------------------+-------+-------++-------
Melee: Unarmed           |     7 |       ||     7
       Bite              |     4 |    11 ||    15
       Dagger            |    35 |    78 ||   113
 Cast: Pain              |    37 |    31 ||    68
       Regeneration      |       |     2 ||     2
 Abil: End Transformatio |     1 |     1 ||     2
       Bat Form          |     1 |     1 ||     2
Evoke: Wand              |       |     1 ||     1
  Use: Potion            |     1 |     1 ||     2
       Scroll            |       |     3 ||     3
 Stab: Sleeping          |    12 |     7 ||    19
       Distracted        |     1 |     1 ||     2
Armor: Robe              |     8 |    37 ||    45
Dodge: Dodged            |    21 |    65 ||    86
